Map: Heavy Artillery LE

Players

whiteman - Winner!

  • Race: Zerg Zerg
  • League: Diamond
  • Spawn Location: 3:00

Kornisey - Winner!

  • Race: Protoss Protoss
  • League: Diamond
  • Spawn Location: 1:00

Massa

  • Race: Terran Terran
  • League: Platinum
  • Spawn Location: 7:00

qqq

  • Race: Zerg Zerg
  • League: Platinum
  • Spawn Location: 7:00

VOD

Have the link to the VOD?

Description

Time

  • Played on: Jan. 22, 2021, 12:49 p.m.
  • Length: 8:35
Show
View Real Time Build Order
Export as new Build Order

whiteman Zerg - Winner!

Build Orders: Hatch First 

Get SALT Encoding   

  12  0:00  Drone  
  13  0:14  Overlord  
  13  0:19  Drone  
  14  0:33  Drone x2  
  16  0:50  Hatchery  
  16  0:52  Drone  
  16  0:56  Drone  
  17  0:59  Drone  
  18  1:13  Extractor  
  18  1:15  Spawning Pool  
  16  1:20  Drone  
  16  1:21  Drone  
  18  1:30  Drone  
  19  1:40  Drone  
  20  1:51  Overlord  
  20  2:02  Queen x2  
  20  2:03  Zergling x4  
  26  2:13  Drone x2  
  28  2:23  Drone  
  28  2:24  Drone  
  28  2:25  Metabolic Boost  
  30  2:39  Baneling Nest  
  30  2:42  Queen  
  31  2:45  Overlord  
  31  2:47  Drone x2  
  31  2:49  Zergling x2  
  34  3:00  Drone x2  
  36  3:07  Zergling x4  
  38  3:14  Zergling x6  
  41  3:21  Queen  
  41  3:22  Drone  
  41  3:25  Overlord  
  44  3:29  Baneling x2  
  44  3:45  Zergling x8  
  48  3:50  Drone x3  
  48  3:51  Drone  
  52  4:02  Evolution Chamber  
  51  4:03  Evolution Chamber  
  51  4:05  Evolution Chamber  
  51  4:08  Baneling x2, Zergling x6  
  51  4:19  Zergling x2  
  51  4:20  Zergling x4  
  47  4:25  Zergling x2  
  47  4:34  Drone x2  
  49  4:42  Zergling x4  
  49  4:44  Hatchery  
  48  4:53  Zergling x4  
  48  5:04  Zerg Melee Weapons Level 1  
  48  5:06  Evolution Chamber  
  44  5:16  Zergling x16  
  45  5:30  Zergling x2  
  45  5:31  Zergling x2  
  45  5:33  Zerg Ground Armor Level 1  
  46  5:37  Zergling x2  
  46  5:38  Zergling x8  
  46  5:42  Overlord x2  
  49  6:00  Zergling x2  
  49  6:01  Zergling x6  
  49  6:02  Baneling  
  49  6:04  Baneling  
  49  6:08  Zergling x14  
  49  6:09  Zergling x2  
  57  6:11  Baneling  
  57  6:12  Baneling x4  
  57  6:17  Queen  
  57  6:18  Drone x3  
  62  6:41  Hatchery  
  50  6:48  Zergling x2  
  50  6:49  Zergling x18  
  53  6:58  Drone  
  53  6:59  Drone  
  53  7:00  Zergling x2  
  56  7:01  Zergling x2  
  56  7:04  Lair  
  51  7:37  Zergling x2  
  51  7:38  Zergling x32  
  65  7:50  Zergling x6  
  64  8:00  Zergling x2  
  64  8:01  Zergling x16  
  72  8:15  Zergling x2  
  72  8:16  Zergling x4  
Show
View Real Time Build Order
Export as new Build Order

Kornisey Protoss - Winner!

Build Orders: Mass Adepts, Dark Templar Rush 

Get SALT Encoding   

  12  0:00  Probe  
  13  0:12  Probe  
  14  0:19  Pylon  
  14  0:25  Probe  
  15  0:37  Gateway  
  15  0:41  Assimilator  
  15  0:44  Probe (Chrono Boost)  
  16  0:53  Probe (Chrono Boost)  
  17  0:58  Probe (Chrono Boost)  
  18  1:10  Probe (Chrono Boost), Assimilator  
  19  1:20  Probe (Chrono Boost)  
  19  1:25  Cybernetics Core  
  20  1:27  Gateway  
  20  1:39  Pylon  
  20  1:40  Probe  
  21  1:52  Probe  
  22  2:01  Adept, Warp Gate  
  22  2:07  Twilight Council  
  24  2:14  Adept  
  26  2:17  Pylon  
  26  2:29  Probe  
  27  2:31  Adept  
  29  2:37  Resonating Glaives (Chrono Boost)  
  29  2:42  Gateway  
  29  2:48  Adept  
  31  3:01  Adept  
  33  3:17  Dark Shrine  
  33  3:22  Adept  
  35  3:31  Adept  
  37  3:45  Pylon  
  37  3:58  Adept  
  39  4:04  Pylon, Adept  
  35  4:26  Adept  
  35  4:27  Adept x2  
  41  4:42  Probe  
  42  4:47  Dark Templar x2  
  46  4:54  Probe  
  47  5:01  Dark Templar  
  35  5:25  Probe (Chrono Boost)  
  35  5:26  Adept  
  35  5:27  Adept  
  40  5:32  Nexus  
  40  5:34  Pylon  
  40  5:37  Probe (Chrono Boost)  
  37  5:43  Probe (Chrono Boost)  
  38  5:52  Probe  
  35  6:20  Adept x3  
  41  6:25  Gateway  
  41  6:26  Gateway  
  41  6:29  Probe  
  41  6:30  Gateway  
  40  6:33  Pylon  
  40  6:41  Probe, Adept x2  
  40  6:45  Adept  
  48  6:54  Probe (Chrono Boost)  
  48  6:59  Probe (Chrono Boost)  
  49  7:04  Probe (Chrono Boost)  
  49  7:08  Probe (Chrono Boost)  
  47  7:29  Probe x2  
  49  7:32  Stalker x4  
  49  7:33  Stalker x2  
  59  7:59  Probe x2  
  59  8:00  Stalker x2  
  59  8:01  Stalker x4  
  73  8:30  Stalker x4  
  73  8:31  Stalker x2  
Show
View Real Time Build Order
Export as new Build Order

Massa Terran 

Build Orders:  

Get SALT Encoding   

  12  0:00  SCV  
  13  0:12  SCV  
  14  0:24  SCV  
  14  0:25  Supply Depot  
  15  0:44  Refinery  
  15  0:47  SCV, Barracks  
  16  0:59  SCV  
  18  1:11  SCV  
  18  1:16  Supply Depot  
  18  1:23  SCV, Barracks  
  19  1:33  Refinery  
  19  1:35  SCV  
  19  1:36  Barracks Tech Lab  
  20  1:47  SCV  
  21  1:57  Marauder  
  21  1:58  Concussive Shells  
  23  2:05  Orbital Command  
  23  2:10  Barracks Tech Lab  
  23  2:24  Marauder  
  25  2:30  Marauder  
  25  2:31  Stimpack  
  27  2:45  Marauder  
  29  2:51  Marauder  
  31  3:23  Supply Depot  
  31  3:26  Command Center  
  31  3:45  SCV, Marauder x2  
  36  3:57  SCV, Factory  
  37  4:06  Marauder  
  39  4:24  Marauder  
  39  4:28  Marauder  
  29  4:46  Marauder  
  29  4:49  Marauder  
  33  4:55  Orbital Command  
  33  4:56  SCV  
  33  5:02  Hellion  
  33  5:06  Starport  
  35  5:07  Marauder  
  35  5:08  SCV  
  35  5:11  Marauder  
  38  5:20  SCV  
  39  5:24  Hellion  
  39  5:28  SCV  
  41  5:32  SCV, Marauder  
  44  5:40  SCV  
  45  5:45  SCV  
  46  5:56  Marauder, Supply Depot  
  46  5:57  SCV  
  46  5:58  SCV  
  40  6:09  Engineering Bay  
  40  6:10  SCV  
  39  6:24  Factory Tech Lab, Supply Depot  
  35  6:25  Starport Reactor  
  35  6:43  Marauder x2  
  35  6:45  Hellion  
  37  6:50  SCV  
  37  6:51  SCV  
  39  7:00  Supply Depot  
  39  7:03  SCV  
  40  7:12  Missile Turret  
  39  7:36  Supply Depot  
  39  7:41  Supply Depot  
  39  7:48  Supply Depot  
  39  7:50  Siege Tank  
  42  8:03  SCV x2, Barracks  
Show
View Real Time Build Order
Export as new Build Order

qqq Zerg 

Build Orders: Hatch First, Zergling Baneling 

Get SALT Encoding   

  12  0:01  Drone  
  13  0:08  Drone  
  14  0:19  Overlord  
  14  0:39  Drone x2  
  14  0:40  Drone  
  17  0:57  Hatchery  
  17  1:02  Drone  
  17  1:06  Extractor  
  16  1:17  Spawning Pool  
  15  1:21  Drone  
  16  1:30  Drone x2  
  18  1:34  Drone  
  19  1:48  Drone  
  20  1:57  Overlord  
  20  2:04  Queen  
  22  2:09  Queen  
  22  2:10  Drone  
  22  2:15  Metabolic Boost  
  25  2:20  Drone  
  26  2:23  Drone  
  27  2:34  Drone, Baneling Nest  
  27  2:36  Zergling x2  
  28  2:38  Drone  
  29  2:45  Drone  
  29  2:46  Zergling x2  
  31  2:54  Overlord  
  31  2:56  Drone  
  32  3:00  Zergling x2  
  32  3:05  Zergling x2  
  34  3:11  Zergling x2  
  35  3:17  Zergling x6  
  35  3:18  Overlord  
  38  3:21  Zergling x6  
  38  3:23  Baneling x3  
  38  3:25  Baneling  
  41  3:27  Zergling x2  
  41  3:29  Zergling x2  
  43  3:39  Zergling x2  
  44  3:45  Zergling x2  
  44  3:48  Zergling x4  
  47  3:51  Zergling x2  
  47  3:52  Zergling x4  
  45  4:21  Zergling x4  
  45  4:22  Zergling x6  
  35  4:32  Lair  
  35  4:35  Drone x3  
  38  4:41  Zergling x6  
  38  4:44  Baneling x3  
  38  4:45  Baneling x3  
  41  4:47  Hatchery  
  41  4:49  Drone  
  41  4:51  Spine Crawler  
  40  4:57  Zergling x6  
  38  5:11  Zergling x2  
  38  5:12  Zergling x2  
  35  5:18  Zergling x2  
  35  5:19  Zergling x6  
  32  5:23  Zergling x4  
  32  5:24  Zergling x2  
  32  5:26  Zergling x2  
  34  5:29  Zergling x2  
  33  5:39  Zergling x2  
  33  5:40  Zergling x4  
  32  5:50  Overseer  
  32  6:04  Drone x3, Zergling x2  
  35  6:17  Spore Crawler  
  33  6:20  Drone x2  
  35  6:30  Drone x2  
  36  6:34  Drone x4  
  36  6:36  Extractor  
  31  6:49  Drone, Zergling x4  
  31  6:50  Drone, Zergling x2  
  33  7:00  Drone  
  33  7:01  Drone, Zergling x2  
  35  7:19  Drone, Baneling  
  35  7:20  Drone, Zergling x2  
  35  7:21  Zergling x6  
  35  7:22  Queen  
  41  7:24  Queen  
  43  7:34  Zergling x2  
  43  7:35  Zergling x4  
  44  7:42  Spine Crawler  
  44  7:43  Spine Crawler  
  39  7:55  Zergling x2  
  39  7:56  Zergling x2  
  39  7:58  Drone, Zergling x6  
  43  8:07  Spire  
  43  8:08  Drone  
  43  8:09  Drone  
  42  8:15  Zergling x2  
  42  8:16  Zergling x2  
Tags
 
Add a new tag
Caveats
  • Supply blocks, unpowered buildings, or Contaminate may cause inaccurate times.
  • Supply counts are checked every 10 seconds.